 Dungeon Crawl Stone Soup version 0.30-a0-1082-g70414cbcbb (webtiles) character file.

Game seed: 6456129250058047918

217 fortdeath9 the Cudgeller (level 5, -1/47 HPs)
             Began as a Draconian Berserker on Apr 16, 2023.
             Was a Believer of Trog.
             Slain by a river rat (6 damage)
             ... summoned by Eustachio
             ... on level 4 of the Dungeon.
             The game lasted 00:11:42 (1656 turns).

fortdeath9 the Cudgeller (Draconian Berserker)      Turns: 1656, Time: 00:11:43

Health: -1/47      AC:  6    Str: 22    XL:     5   Next: 62%
Magic:  5/5        EV: 12    Int:  7    God:    Trog [**....]
Gold:   139        SH:  5    Dex: 10    Spells: 4/4 levels left

rFire   . . .      SeeInvis .    n - +0 flail
rCold   . . .      Faith    .    (no shield)
rNeg    . . .      Spirit   .    (body armour unavailable)
rPois   .          Reflect  +    (helmet restricted)
rElec   .          Rampage  .    (no cloak)
rCorr   .                        d - +0 pair of gloves
Will    .....                    (no boots)
Stlth   +                        h - amulet of reflection
HPRegen 0.27/turn                (no ring)
MPRegen 0.09/turn                (no ring)

@: brilliant, slowed, very slow
A: AC +5, unfitting armour, cold-blooded, talons 1
a: Renounce Religion, Berserk, Trog's Hand


You were on level 4 of the Dungeon.
You worshipped Trog.
Trog was pleased with you.
You visited 1 branch of the dungeon, and saw 3 of its levels.

You collected 139 gold pieces.

Inventory:

Hand Weapons
 j - a +1 dagger of venom
 n - a +0 flail (weapon)
Missiles
 e - 4 stones (quivered)
Armour
 d - a +0 pair of gloves (worn)
Jewellery
 h - an amulet of reflection (around neck)
Scrolls
 a - 2 scrolls of blinking
 l - a scroll of noise
 m - a scroll of fear
 o - 2 scrolls of magic mapping
 q - a scroll of poison {unknown}
 r - a scroll of teleportation {unknown}
Potions
 b - a potion of berserk rage {unknown}
 f - a potion of curing
 g - a potion of magic {unknown}
 k - a potion of might {unknown}
 p - a potion of degeneration {unknown}


   Skills:
 + Level 4.5 Fighting
 + Level 4.9 Maces & Flails
 + Level 0.4 Throwing
 + Level 3.4 Dodging
 + Level 0.4 Stealth
 + Level 0.7 Shields


You had 4 spell levels left.
You didn't know any spells.
Your spell library contained the following spells:

 Spells                   Type           Power      Damage    Failure   Level
 Ozocubu's Armour         Ice            0%         N/A       80%         3
 Ozocubu's Refrigeration  Ice            0%         4d7       100%        7


Dungeon Overview and Level Annotations

Branches:
Dungeon (2/15)

Altars:
Gozag
Zin

Annotations:
D:4 Eustachio


Innate Abilities, Weirdness & Mutations

Your plain brown scales are hard. (AC +5)
You cannot fit into any form of body armour.
You are cold-blooded and may be slowed by cold attacks.
You have sharp toenails.


Message History

You hit Eustachio but do no damage.
Your tail-slap misses Eustachio.
Eustachio is severely wounded.
The bat hits you but does no damage. The bat closely misses you.
The bat hits you but does no damage. The river rat barely misses you.
The bat hits you but does no damage. Eustachio hits you but does no damage.
You closely miss Eustachio.
Eustachio is severely wounded.
The bat barely misses you. The river rat misses you.
Eustachio closely misses you.
You closely miss Eustachio. You punch Eustachio.
Eustachio is severely wounded.
The bat closely misses you. The bat hits you but does no damage.
You block the bat's attack. The river rat closely misses you.
Eustachio misses you.
You miss Eustachio.
Eustachio is severely wounded.
You block the bat's attack. x2; The river rat closely misses you.
Eustachio mumbles some strange words.
Eustachio blinks!
It was a potion of mutation.
You feel extremely strange.
Your toenails lengthen and sharpen.
The bat closely misses you. x2; The river rat misses you.
Eustachio gestures wildly while chanting.
The white imp hits you. The white imp freezes you.
You feel yourself slow down.
* * * LOW HITPOINT WARNING * * *
It was a potion of brilliance.
You feel clever all of a sudden. The bat closely misses you.
You block the bat's attack. The bat hits you.
* * * LOW HITPOINT WARNING * * *
The river rat bites you but does no damage.
Eustachio mumbles some strange words.
Eustachio blinks!
The white imp laughs crazily.
The white imp hits you.
* * * LOW HITPOINT WARNING * * *
The white imp freezes you.
You feel as though you will be slow longer.
* * * LOW HITPOINT WARNING * * *
The river rat bites you.
You die...

.#####.....
..........# ...
..........#########...
........... ......#..
.....##### .......
....##...# ##.....
....#.._.# ##b....
....#....###...55#
....'....#....br@#
....#....#.......#
...##.._.#......##.#
..####...#......#..#
##########.!....#.# #
#..............#
##.............##
##.............##
#..............#


You could see a river rat (summoned), 2 white imps and 2 bats.

Vanquished Creatures
  A phantom (D:4)
  2 hounds (D:4)
  An iguana (D:4)
  An adder (D:4)
  A dart slug (D:1)
  4 orcs (D:2)
  4 endoplasms
  2 giant cockroaches
  6 goblins (D:1)
  2 hobgoblins
  6 jackals (D:1)
  A quokka (D:4)
  5 ball pythons
  6 bats
  3 frilled lizards
  3 kobolds
  4 rats
52 creatures vanquished.

Notes
Turn   | Place    | Note
-------+----------+-------------------------------------------
     0 | D:1      | fortdeath9 the Draconian Berserker began the quest for the
                  | Orb.
     0 | D:1      | Reached XP level 1. HP: 19/19 MP: 1/1
   160 | D:1      | Reached XP level 2. HP: 21/27 MP: 2/2
   655 | D:1      | Reached XP level 3. HP: 33/33 MP: 3/3
   731 | D:1      | Found a faded altar of an unknown god.
   742 | D:1      | Reached ** piety under Trog
  1105 | D:2      | You fall into a shaft and drop 2 floors!
  1111 | D:4      | Reached XP level 4. HP: 40/40 MP: 4/4
  1238 | D:4      | Reached XP level 5. HP: 27/47 MP: 5/5
  1320 | D:4      | Found an opulent altar of Gozag.
  1321 | D:4      | Found a glowing silver altar of Zin.
  1539 | D:4      | Noticed a phantom
  1548 | D:4      | Killed a phantom
  1610 | D:4      | Noticed Eustachio
  1655 | D:4      | Gained mutation: You have sharp toenails. [potion of
                  | mutation]
  1656 | D:4      | Slain by a river rat

Illustrated notes

Levels and vault maps discovered:
D:1:      lightli_arrival_lavapool, layout_loops_cross,
          ebering_ecumenical_altar_box, minmay_close_crescents
D:2:      layout_rooms, serial_shops, shop
D:4:      layout_cave_pods, grunt_temple_overflow_gold_and_silver,
          minmay_misc_feat_nine_boxes, minivault_1, uniq_pikel, uniq_eustachio

Skill      XL: |  1  2  3 |
---------------+----------+-----
Fighting       | 4 |  4.5
Maces & Flails | 4 |  4.9
Dodging        | 3 |  3.4
Throwing       | |  0.4
Stealth        | |  0.4
Shields        | |  0.7

Action                     |  1- 3 |  4- 6 || total
---------------------------+-------+-------++-------
  Melee: Mace              |    76 |       ||    76
         Tailslap          |     7 |     5 ||    12
         Flail             |    62 |    58 ||   120
         Punch             |     2 |     1 ||     3
  Throw: Stone             |     4 |    16 ||    20
    Use: Scroll            |     5 |     1 ||     6
         Potion            |     2 |     2 ||     4
   Stab: Sleeping          |     2 |     1 ||     3
 Armour: Skin              |    63 |    48 ||   111
  Dodge: Dodged            |   101 |   103 ||   204
  Block: Other             |    27 |    37 ||    64

Table legend: (Time is in decaauts)
 A = Elapsed time spent in this place.
 B = Non-inter-level travel time spent in this place.
 C = Inter-level travel time spent in this place.
 D = Time resting spent in this place.
 E = Time spent auto-exploring this place.
 F = Levels seen in this place.
 G = Mean time per level.
                   A        B        C        D        E       F      G
               +--------+--------+--------+--------+--------+-----+--------+
         Total |   1699 |   1699 |      0 |     72 |    810 |   3 |  566.3 |
       Dungeon |   1699 |   1699 |      0 |     72 |    810 |   3 |  566.3 |
               +--------+--------+--------+--------+--------+-----+--------+

Top non-repeatable levels by time:
     D:1: 837 daAuts
     D:4: 562 daAuts
     D:2: 299 daAuts
